 Dungeon Crawl Stone Soup version 0.27-a0-1144-g0b7d3b79db (webtiles) character file.

Game seed: 8321756543526587417

254 bilbop the Magician (level 6, -2/43 HPs)
             Began as a Djinni Air Elementalist on May 10, 2021.
             Killed from afar by Ijyb (10 damage)
             ... with a bolt of acid
             ... on level 4 of the Dungeon.
             The game lasted 00:26:55 (5546 turns).

bilbop the Magician (Djinni Air Elementalist)       Turns: 5546, Time: 00:26:56

Health: -2/43      AC:  0    Str:  7    XL:     6   Next: 14%
Gold:   45         EV: 11    Int: 17    God:
                   SH:  0    Dex: 15

rFire    + + .     SeeInvis .   b - +0 dagger
rCold    x . .     Faith    .   (no shield)
rNeg     . . .     Spirit   .   e - +0 leather armour
rPois    ∞         Reflect  .   n - +0 helmet
rElec    .         Harm     .   (no cloak)
rCorr    +         Rampage  .   (no gloves)
Will     .....                  (boots unavailable)
Stlth    ++........             (no amulet)
HPRegen  0.14/turn              j - ring of resist corrosion
MPRegen  0.00/turn              (no ring)

@: corroded, flying
A: sickness immunity, fire resistance 2, cold vulnerability 1, float, innate
caster, hp casting, extra vitality 1
a: no special abilities


You were on level 4 of the Dungeon.
You visited 1 branch of the dungeon, and saw 4 of its levels.

You collected 45 gold pieces.

Inventory:

Hand Weapons
 b - a +0 dagger (weapon)
Armour
 a - a +0 robe
 e - a +0 leather armour (worn)
 i - a +0 kite shield
 n - a +0 helmet (worn)
Jewellery
 j - a ring of resist corrosion (left hand)
Wands
 m - a wand of flame (19)
Scrolls
 c - a scroll of identify {unknown}
 g - a scroll of magic mapping {unknown}
 h - a scroll of enchant armour {unknown}
 k - 2 scrolls of teleportation {unknown}
 o - a scroll of blinking {unknown}
 p - a scroll of fear {unknown}
Potions
 d - a potion of brilliance {unknown}
 f - a potion of cancellation {unknown}
 l - a potion of might {unknown}
 q - a potion of berserk rage {unknown}


   Skills:
 + Level 2.0 Fighting
 + Level 1.8 Long Blades
 - Level 2.1 Dodging
 + Level 2.6 Stealth
 + Level 2.1 Shields
 * Level 4.0 Spellcasting


You couldn't memorise any spells.
You knew the following spells:

 Your Spells              Type           Power      Damage    Failure   Level
a - Shock                 Conj/Air       68%        1d7       4%          1
b - Static Discharge      Conj/Air       17%        N/A       7%          2
c - Swiftness             Air            17%        N/A       14%         3
d - Airstrike             Air            8%         N/A       41%         4
e - Lightning Bolt        Conj/Air       8%         1d21      77%         5
f - Summon Small Mammal   Summ           68%        N/A       4%          1
g - Corpse Rot            Necr/Air       N/A        N/A       7%          2
Your spell library was empty.

Dungeon Overview and Level Annotations

Branches:
Dungeon (4/15)
 Temple: D:4-7

Altars:
Cheibriados

Annotations:
D:3 1 runed translucent door, experimilk's ghost, amateur HOFE
D:4 Edmund; Ijyb


Innate Abilities, Weirdness & Mutations

You are immune to sickness and miasma.
You are immune to poison.
Your flesh is very heat resistant. (rF++)
You are vulnerable to cold. (rC-)
You float through the air rather than walking.
You learn spells naturally, not from books.
Your magical power is your life essence.
You have superior vitality. (+4 HP)


Message History

The goblin dies!
Press: ? - help, v - describe, . - travel
Here: Ijyb, wielding a +0 club, wearing a +0 scale mail and carrying a wand of acid (4)
The floor.
Unknown command.
The zap misses Ijyb.
Casting: Shock (safe; 4% risk of failure)
Confirm with . or Enter, or press ? or * to list all spells.
Casting: Summon Small Mammal (safe; 4% risk of failure)
Confirm with . or Enter, or press ? or * to list all spells.
The spell is extremely dangerous to cast (41% risk of failure)!
Continue anyway?
Okay, then.
Casting: Airstrike (extremely dangerous; 41% risk of failure)
Confirm with . or Enter, or press ? or * to list all spells.
What are your orders? t - Shout!
Orders for allies: a - Attack new target. p - Attack previous target. r - Retreat! s - Stop attacking. g - Guard the area. f - Follow me.
Anything else - Cancel.
Gang up on whom?
Press: ? - help, Dir - move target, f/p - Ijyb
Aim: Ijyb, wielding a +0 club, wearing a +0 scale mail and carrying a wand of acid (4) (ally target) Attack!
Ijyb zaps a wand.
The bolt of acid hits you! You resist.
You are splashed with acid.
You resist.
You swap places.
Ijyb zaps a wand.
The bolt of acid hits your quokka!!
Your quokka is splashed with acid.
The acid corrodes your quokka!
Your quokka dies!
Your quokka's corpse disappears in a puff of smoke!
The bolt of acid hits you! You resist. The acid corrodes you!
You are splashed with acid.
You resist.
* * * LOW HITPOINT WARNING * * *
Your rat bites Ijyb but does no damage.
Ijyb zaps a wand.
The bolt of acid hits your rat!!
Your rat is splashed with acid.
The acid corrodes your rat!
Your rat dies!
Your rat's corpse disappears in a puff of smoke!
The bolt of acid hits you! You resist.
You die... ##... #.#.#..### .....# .##......... ...... #.##......... .... #####.##......... .gr

###.....##.........
##§##..................
#.r.###....##..........
#.§.#....##....>.....
#..)#.@.......###....(.
##.####....#.## #######
#. #)...#..# # #.
#......##... #
#.#............. .
#.############### # ..


You could see a friendly rat (summoned).

Vanquished Creatures
  An orc wizard (D:3)
  Robin (D:4)
  A gnoll (D:1)
  3 adders (D:2)
  An adder skeleton (D:4)
  3 worms
  2 dart slugs
  4 orcs
  2 bats
  2 endoplasms
  5 giant cockroaches
  7 hobgoblins
  3 jackals (D:2)
  4 quokkas
  2 ball pythons (D:3)
  2 frilled lizards (D:2)
  10 goblins
  6 kobolds
  4 rats
63 creatures vanquished.

Vanquished Creatures (collateral kills)
  Sigmund (D:3)
  An adder (D:3)
  2 orcs (D:4)
  A bat (D:3)
  A goblin (D:4)
  A hobgoblin (D:4)
7 creatures vanquished.

Grand Total: 70 creatures vanquished

Notes
Turn   | Place    | Note
-------+----------+-------------------------------------------
     0 | D:1      | bilbop the Djinni Air Elementalist began the quest for the
                  | Orb.
     0 | D:1      | Reached XP level 1. HP: 15/15 MP: 0/0
   618 | D:1      | Reached skill level 3 in Spellcasting
   618 | D:1      | Reached XP level 2. HP: 17/22 MP: 0/0
   705 | D:1      | Found a faded altar of an unknown god.
   949 | D:1      | Reached XP level 3. HP: 25/26 MP: 0/0
   949 | D:1      | Learned a level 1 spell: Summon Small Mammal
  1239 | D:2      | Reached skill level 1 in Fighting
  1905 | D:2      | Reached skill level 1 in Long Blades
  2196 | D:2      | Reached XP level 4. HP: 20/32 MP: 0/0
  3211 | D:3      | Reached skill level 1 in Shields
  3392 | D:3      | Found a snail-covered altar of Cheibriados.
  3609 | D:3      | Found a runed translucent door.
  3610 | D:3      | Noticed experimilk's ghost (amateur HOFE)
  3747 | D:3      | Reached XP level 5. HP: 30/37 MP: 0/0
  3747 | D:3      | Learned a level 2 spell: Corpse Rot
  3866 | D:3      | Noticed Sigmund
  4031 | D:4      | Noticed Edmund
  4031 | D:4      | Noticed Ijyb
  4535 | D:3      | Killed Sigmund
  4867 | D:4      | Noticed Robin
  4876 | D:4      | Killed Robin
  4877 | D:4      | Reached XP level 6. HP: 14/43 MP: 0/0
  5422 | D:4      | Reached skill level 4 in Spellcasting
  5546 | D:4      | Killed from afar by Ijyb

Illustrated notes

Levels and vault maps discovered:
D:1:      saegor_arrival_simple_a, layout_loops_ring,
          hellmonk_ecumenical_altar_zigzags, fountainhead
D:2:      kb_forest_paths, layout_loops_ring, minmay_heptomino_l4
D:3:      layout_loops_ring, nicolae_overflow_crystal_walls,
          hellmonk_ghost_happy_afterlife, uniq_sigmund
D:4:      layout_rooms, minmay_temple_entry_glass, gammafunk_ghost_split,
          minmay_misc_feat_tower, kennysheep_potato, uniq_robin, uniq_edmund,
          uniq_ijyb, uniq_menkaure

Skill      XL: |  1  2  3  4  5  6 |
---------------+-------------------+-----
Spellcasting   | 3 4 |  4.0
Fighting       | 1 2 |  2.0
Stealth        | 2 |  2.6
Long Blades    | 1 |  1.8
Shields        | 1 2 |  2.1
Dodging        | |  2.1

Action                   |  1- 3 |  4- 6 || total
-------------------------+-------+-------++-------
Melee: Dagger            |     1 |    10 ||    11
 Cast: Shock             |    59 |   110 ||   169
       Summon Small Mamm |     3 |    42 ||    45
       Static Discharge  |     3 |     1 ||     4
 Stab: Sleeping          |       |     2 ||     2
Armor: Leather armour    |       |     3 ||     3
Dodge: Dodged            |    16 |    17 ||    33
Block: Kite shield       |     2 |       ||     2

Table legend: (Time is in decaauts)
 A = Elapsed time spent in this place.
 B = Non-inter-level travel time spent in this place.
 C = Inter-level travel time spent in this place.
 D = Time resting spent in this place.
 E = Time spent auto-exploring this place.
 F = Levels seen in this place.
 G = Mean time per level.
                   A        B        C        D        E       F      G
               +--------+--------+--------+--------+--------+-----+--------+
         Total |   5548 |   5062 |    486 |   2147 |   2398 |   4 | 1387.0 |
       Dungeon |   5548 |   5062 |    486 |   2147 |   2398 |   4 | 1387.0 |
               +--------+--------+--------+--------+--------+-----+--------+

Top non-repeatable levels by time:
     D:2: 1942 daAuts
     D:3: 1918 daAuts
     D:1: 1228 daAuts
     D:4: 458 daAuts
